 Dungeon Crawl Stone Soup version 0.32-a0-630-g46d191b0ed (webtiles) character file.

Game seed: 3163169828267385926

121 Alarak the Covert (level 5, -2/34 HPs)
             Began as an Octopode Brigand on Mar 6, 2024.
             Frozen to death by an endoplasm (3 damage)
             ... on level 2 of the Dungeon.
             The game lasted 00:03:05 (1798 turns).

Alarak the Covert (Octopode Brigand)                Turns: 1798, Time: 00:03:06

Health: -2/34      AC:  1    Str: 10    XL:     5   Next: 5%
Magic:  5/5        EV: 12    Int: 14    God:
Gold:   130        SH:  0    Dex: 15    Spells: 4/4 levels left

rFire   . . .        a - +2 dagger
rCold   . . .        (no shield)
rNeg    . . .        (helmet restricted)
rPois   .            (no amulet)
rElec   .            (no ring)
rCorr   .            (no ring)
SInv    .            (no ring)
Will    .....        (no ring)
Stlth   +++++        (no ring)
HPRegen 0.25/turn    (no ring)
MPRegen 0.09/turn    (no ring)
                     (no ring)

%: no passive effects
@: about to teleport
A: almost no armour, amphibious, 8 rings, camouflage 1, gelatinous body 1,
(nimble swimmer 1), tentacles
a: no special abilities


You were on level 2 of the Dungeon.
You visited 1 branch of the dungeon, and saw 3 of its levels.

You collected 130 gold pieces.

Inventory:

Hand Weapons
 a - a +2 dagger (weapon)
Missiles
 b - 9 poisoned darts (quivered)
 c - 3 curare-tipped darts
 f - 3 boomerangs
Talismans
 i - a flux talisman
Scrolls
 d - a scroll of identify
 g - 3 scrolls of vulnerability {unknown}
 j - a scroll of revelation {unknown}
Potions
 e - a potion of mutation
 h - 2 potions of curing {unknown}


   Skills:
 - Level 2.0 Fighting
 - Level 2.0 Short Blades
 - Level 2.0 Throwing
 - Level 1.0 Dodging
 + Level 8.6 Stealth


You had 4 spell levels left.
You didn't know any spells.
Your spell library contained the following spells:

 Spells                   Type           Power      Damage    Failure   Level
 Jinxbite                 Hex            0%         N/A       41%         2
 Yara's Violent Unravell  Hex/Alch       0%         3d3       100%        5
 Enfeeble                 Hex            0%         N/A       100%        7


Dungeon Overview and Level Annotations

Branches:
Dungeon (3/15)

Altars:


Innate Abilities, Weirdness & Mutations

You cannot wear most types of armour.
You are amphibious.
You can wear up to eight rings at the same time.
Your skin changes colour to match your surroundings (Stealth+).
Your rubbery body absorbs attacks. (AC +1, EV +1)
((You are camouflaged when in or above water. (Stealth+)))
You have tentacles for arms and can constrict up to eight enemies at once.


Message History

You hit the orc priest. Your grab misses the orc priest.
The orc priest is lightly wounded.
You hit the orc priest but do no damage.
You grab the orc priest.
The orc priest is lightly wounded.
You constrict the orc priest. The orc barely misses you.
The endoplasm closely misses you.
The orc priest hits you with a +0 war axe.
You hit the orc priest.
The orc priest is moderately wounded.
You constrict the orc priest. The orc hits you with a +0 dagger.
The endoplasm hits you.
The orc priest hits you with a +0 war axe.
The orc priest shouts, "Beogh offers mercy even to people such as you.
Join us and be reborn!" (press Y on the ability menu to convert to Beogh)
You hit the orc priest.
You squeeze the orc priest, but do no damage.
The orc priest is severely wounded.
You constrict the orc priest. The orc hits you with a +0 dagger.
The endoplasm freezes you.
You are frozen.
* * * LOW HITPOINT WARNING * * *
The orc priest barely misses you.
You hit the orc priest but do no damage.
The orc priest is almost dead.
You constrict the orc priest.
You kill the orc priest!
The orc hits you with a +0 dagger.
* * * LOW HITPOINT WARNING * * *
The endoplasm freezes you.
You are frozen.
* * * LOW HITPOINT WARNING * * *
You have reached level 5!
You feel clever.
As you read the scroll of teleportation, it crumbles to dust.
You feel strangely unstable. The orc hits you with a +0 dagger.
* * * LOW HITPOINT WARNING * * *
The endoplasm freezes you.
You are frozen.
You die...

...>...# #..# ######.#### #.##
#.......# #.# #.......# #.#
##.......#####.#
##..............#
.##.......####..##
.##.......####.oJ#
.##.........##.#@#
.###.#.#..#.##.#)# .#
#.###.......#.# .#
#......#.####.# ##########
.##########.####.####........#
.##.......#.............####.####
.##..###..#.##.####.......##.#...
...............####........#.#.##
###..###..#.##.##................


You could see an orc and an endoplasm.

Vanquished Creatures
  An orc priest (D:2)
  5 adders (D:2)
  3 dart slugs
  2 ribbon worms (D:2)
  An endoplasm (D:2)
  A giant cockroach (D:1)
  A goblin (D:2)
  2 hobgoblins (D:1)
  7 jackals
  3 quokkas (D:1)
  A ball python (D:1)
  5 bats
  2 frilled lizards (D:1)
  4 rats
38 creatures vanquished.

Notes
Turn   | Place    | Note
-------+----------+-------------------------------------------
     0 | D:1      | Alarak the Octopode Brigand began the quest for the Orb.
     0 | D:1      | Reached XP level 1. HP: 14/14 MP: 1/1
    78 | D:1      | Reached XP level 2. HP: 16/19 MP: 2/2
    79 | D:1      | Reached skill level 6 in Stealth
   788 | D:2      | Reached XP level 3. HP: 24/24 MP: 3/3
   986 | D:2      | Reached skill level 7 in Stealth
  1065 | D:2      | Reached XP level 4. HP: 29/29 MP: 4/4
  1255 | D:2      | Reached skill level 8 in Stealth
  1502 | D:2      | Found a faded altar of an unknown god.
  1798 | D:2      | Reached XP level 5. HP: 5/34 MP: 5/5
  1798 | D:2      | HP: 1/34 [orc/+0 dagger (4)]
  1798 | D:2      | Frozen to death by an endoplasm

Illustrated notes

Levels and vault maps discovered:
D:1:      mrwooster_arrival_statue, layout_basic
D:2:      layout_loops_cross, ebering_ecumenical_altar_mist,
          kennysheep_generic_room_12
D:3:      layout_rooms, grunt_ministairs_2

Skill      XL: |  1  2  3  4 |
---------------+-------------+-----
Stealth        | 6 7 8 |  8.6
Fighting       | |  2.0
Short Blades   | |  2.0
Throwing       | |  2.0
Dodging        | |  1.0

Action                     |  1- 3 |  4- 6 || total
---------------------------+-------+-------++-------
  Melee: Dagger            |    34 |    28 ||    62
         Constrict         |     9 |     7 ||    16
         Tentacles         |     8 |     4 ||    12
    Use: Scroll            |     2 |     1 ||     3
   Stab: Sleeping          |    11 |     7 ||    18
         Distracted        |       |     1 ||     1
 Armour: Skin              |    14 |    19 ||    33
  Dodge: Dodged            |    11 |    14 ||    25

Table legend: (Time is in decaauts)
 A = Elapsed time spent in this place.
 B = Non-inter-level travel time spent in this place.
 C = Inter-level travel time spent in this place.
 D = Time resting spent in this place.
 E = Time spent auto-exploring this place.
 F = Levels seen in this place.
 G = Mean time per level.
                   A        B        C        D        E       F      G
               +--------+--------+--------+--------+--------+-----+--------+
         Total |   1793 |   1654 |    139 |    289 |   1120 |   3 |  597.7 |
       Dungeon |   1793 |   1654 |    139 |    289 |   1120 |   3 |  597.7 |
               +--------+--------+--------+--------+--------+-----+--------+

Top non-repeatable levels by time:
     D:1: 899 daAuts
     D:2: 892 daAuts
     D:3: 1 daAuts
